[Event "106th British-ch Major 2019"]
[Site "Torquay"]
[Date "2019.08.03"]
[Round "8.28"]
[White "Roy, Ali"]
[Black "Hussain, Adam"]
[Result "1-0"]
[ECO "E18"]
[WhiteElo "1871"]
[BlackElo "1515"]
[Annotator "NA"]
[PlyCount "47"]
[EventDate "2019.07.27"]
[EventType "swiss"]
[EventCountry "GBR"]
[SourceTitle "playchess.com"]
[Source "ChessBase"]
[SourceQuality "1"]
[TimeControl "40/5400+30:1800+30"]

1. Nf3 Nf6 2. g3 b6 3. Bg2 Bb7 4. O-O e6 5. c4 Be7 6. Nc3 O-O 7. d4 Bb4 8. Qc2 d6 9. b3 Nbd7 10. Bb2 Qe7 11. Rad1 Bxc3 12. Bxc3 Rad8 13. Rfe1 Rfe8 14. e4 e5 15. d5 Bc8 16. b4 Ng4 17. Nh4 Ngf6 18. Nf5 Qf8 19. f4 g6 20. fxe5 Nxe5 21. Nd4 Bb7 22. Bd2 h6 23. Rf1 Nfd7 24. Ne6 1-0

[Event "106th British-ch Major 2019"]
[Site "Torquay"]
[Date "2019.08.03"]
[Round "8.29"]
[White "Li, Jack"]
[Black "Forster, James Connor Christo"]
[Result "0-1"]
[ECO "B12"]
[WhiteElo "1529"]
[BlackElo "1831"]
[Annotator "NA"]
[PlyCount "64"]
[EventDate "2019.07.27"]
[EventType "swiss"]
[EventCountry "GBR"]
[SourceTitle "playchess.com"]
[Source "ChessBase"]
[SourceQuality "1"]
[TimeControl "40/5400+30:1800+30"]

1. e4 c6 2. d4 d5 3. e5 c5 4. dxc5 e6 5. Be3 Nc6 6. Nf3 Nge7 7. c3 Ng6 8. Bb5 Bd7 9. Bxc6 Bxc6 10. O-O Qc7 11. Qd4 Be7 12. Re1 O-O 13. Nbd2 Kh8 14. Nb3 f6 15. exf6 Bxf6 16. Qd2 e5 17. Red1 Be7 18. Qe2 Rf5 19. Rd2 Raf8 20. Rad1 a6 21. h3 Bd8 22. Nh2 Bh4 23. Qe1 Bg5 24. Nf3 Bxe3 25. Qxe3 Nf4 26. Ne1 Qd8 27. Qg3 Rg5 28. Qe3 Qf6 29. Kh2 d4 30. cxd4 Nxg2 31. dxe5 Nxe3 32. exf6 Nf1# {[%emt 0:00:13] Kg3} 0-1

[Event "106th British-ch Major 2019"]
[Site "Torquay"]
[Date "2019.08.03"]
[Round "8.30"]
[White "Morgan, Jamie"]
[Black "Fathallah, Joe"]
[Result "0-1"]
[ECO "C01"]
[WhiteElo "1894"]
[BlackElo "1952"]
[Annotator "NA"]
[PlyCount "96"]
[EventDate "2019.07.27"]
[EventType "swiss"]
[EventCountry "GBR"]
[SourceTitle "playchess.com"]
[Source "ChessBase"]
[SourceQuality "1"]
[TimeControl "40/5400+30:1800+30"]

1. e4 e6 2. d4 d5 3. exd5 exd5 4. Nf3 Nf6 5. Bd3 Bd6 6. Qe2+ Be6 7. c4 O-O 8. c5 Be7 9. O-O Bg4 10. h3 Bh5 11. g4 Bg6 12. Nc3 c6 13. Ne5 Bxd3 14. Qxd3 Nbd7 15. f4 Nxe5 16. fxe5 Ne8 17. Bf4 Nc7 18. Rae1 Ne6 19. Be3 b6 20. b4 a5 21. a3 axb4 22. axb4 b5 23. Ra1 Qd7 24. Rfd1 Qb7 25. Qf1 Rxa1 26. Rxa1 Ra8 27. Kg2 Rxa1 28. Qxa1 f6 29. Ne2 fxe5 30. dxe5 Qd7 31. Qa8+ Kf7 32. Nd4 Nxd4 33. Bxd4 Qe6 34. Qh8 Qg6 35. e6+ Kxe6 36. Qxg7 Bg5 37. Qe5+ Kd7 38. Bc3 Bh4 39. Qf5+ Qxf5 40. gxf5 Ke7 41. Kf3 Bf6 42. Bd2 Bb2 43. Kg4 Kf6 44. Kf4 h5 45. Be1 Be5+ 46. Kf3 Kxf5 47. Bd2 Bb2 48. Be1 d4 0-1

[Event "106th British-ch Major 2019"]
[Site "Torquay"]
[Date "2019.08.03"]
[Round "8.31"]
[White "Gogia, Armaan"]
[Black "Renshaw, Lucas"]
[Result "1-0"]
[ECO "C10"]
[WhiteElo "1754"]
[BlackElo "1596"]
[Annotator "NA"]
[PlyCount "49"]
[EventDate "2019.07.27"]
[EventType "swiss"]
[EventCountry "GBR"]
[SourceTitle "playchess.com"]
[Source "ChessBase"]
[SourceQuality "1"]
[TimeControl "40/5400+30:1800+30"]

1. e4 e6 2. Nc3 d5 3. d4 dxe4 4. Nxe4 Nf6 5. Bd3 Nbd7 6. Nf3 Nxe4 7. Bxe4 Nf6 8. Bd3 h6 9. O-O Bd6 10. c4 c5 11. Be3 Ng4 12. d5 Nxe3 13. fxe3 exd5 14. cxd5 O-O 15. Qc2 Qb6 16. Kh1 Bd7 17. e4 Qc7 18. Rae1 Rae8 19. Qc3 f6 20. b3 Re5 21. Nxe5 Bxe5 22. Qd2 Bxh2 23. d6 Bxd6 24. Bc4+ Kh8 25. Rd1 1-0

[Event "106th British-ch Major 2019"]
[Site "Torquay"]
[Date "2019.08.03"]
[Round "8.32"]
[White "Miller, George"]
[Black "Hilton, Tim"]
[Result "1-0"]
[ECO "C18"]
[WhiteElo "1891"]
[BlackElo "1892"]
[Annotator "NA"]
[PlyCount "75"]
[EventDate "2019.07.27"]
[EventType "swiss"]
[EventCountry "GBR"]
[SourceTitle "playchess.com"]
[Source "ChessBase"]
[SourceQuality "1"]
[TimeControl "40/5400+30:1800+30"]

1. Nc3 d5 2. e4 e6 3. d4 Bb4 4. e5 c5 5. a3 Bxc3+ 6. bxc3 Ne7 7. Qg4 Qc7 8. Qxg7 Rg8 9. Qxh7 cxd4 10. Qd3 Qxe5+ 11. Ne2 dxc3 12. Bf4 Qf5 13. Qxf5 Nxf5 14. Nxc3 Nc6 15. O-O-O Bd7 16. Nb5 Rc8 17. Nd6+ Nxd6 18. Bxd6 Na5 19. h4 Ba4 20. Bd3 Kd7 21. Bg3 Nc4 22. h5 Nxa3 23. Rd2 Nc4 24. Bxc4 Rxc4 25. h6 f6 26. Kb2 Bc6 27. c3 e5 28. f4 e4 29. Bf2 a6 30. g4 Ke6 31. Bd4 Rh8 32. g5 Rxd4 33. cxd4 Kf5 34. Rg2 fxg5 35. fxg5 Kg6 36. Rf1 e3 37. Rf6+ Kh5 38. Re6 1-0

[Event "106th British-ch Major 2019"]
[Site "Torquay"]
[Date "2019.08.03"]
[Round "8.33"]
[White "Ingham, H William"]
[Black "Sheikh, Anum"]
[Result "1/2-1/2"]
[ECO "A80"]
[WhiteElo "1854"]
[BlackElo "1693"]
[Annotator "NA"]
[PlyCount "60"]
[EventDate "2019.07.27"]
[EventType "swiss"]
[EventCountry "GBR"]
[SourceTitle "playchess.com"]
[Source "ChessBase"]
[SourceQuality "1"]
[TimeControl "40/5400+30:1800+30"]

1. d4 f5 2. Nf3 Nf6 3. Bg5 g6 4. Bxf6 exf6 5. Nbd2 d5 6. e3 Bg7 7. Bd3 c6 8. c3 Be6 9. Qc2 Qc7 10. h3 Nd7 11. b4 a5 12. O-O O-O 13. Nb3 b6 14. a3 f4 15. e4 dxe4 16. Bxe4 f5 17. Ng5 Rae8 18. Nxe6 Rxe6 19. Bd3 Kh8 20. Rfe1 Rfe8 21. Rxe6 Rxe6 22. Kf1 c5 23. bxc5 bxc5 24. Nxc5 Nxc5 25. dxc5 Qxc5 26. Rb1 Bxc3 27. Rc1 Rc6 28. a4 Qd4 29. Bb5 Rc5 30. Qd3 Qxd3+ 1/2-1/2

[Event "106th British-ch Major 2019"]
[Site "Torquay"]
[Date "2019.08.03"]
[Round "8.34"]
[White "May, Paul"]
[Black "Lim, Mark"]
[Result "1/2-1/2"]
[ECO "D36"]
[WhiteElo "1832"]
[BlackElo "2265"]
[Annotator "NA"]
[PlyCount "44"]
[EventDate "2019.07.27"]
[EventType "swiss"]
[EventCountry "GBR"]
[SourceTitle "playchess.com"]
[Source "ChessBase"]
[SourceQuality "1"]
[TimeControl "40/5400+30:1800+30"]

1. d4 Nf6 2. c4 e6 3. Nc3 d5 4. Bg5 c6 5. e3 Be7 6. Nf3 O-O 7. Qc2 Nbd7 8. cxd5 exd5 9. Bd3 Re8 10. O-O Nf8 11. a3 a5 12. Na4 Ng6 13. Rfe1 Ne4 14. Bxe7 Qxe7 15. Nb6 Rb8 16. Nxc8 Rbxc8 17. Nd2 Nh4 18. Nf1 Qg5 19. Ng3 f5 20. f4 Qg6 21. Bxe4 fxe4 22. b4 axb4 1/2-1/2

[Event "106th British-ch Major 2019"]
[Site "Torquay"]
[Date "2019.08.03"]
[Round "8.35"]
[White "Mize, Dylan"]
[Black "Cowan, Richard M"]
[Result "0-1"]
[ECO "E90"]
[WhiteElo "1513"]
[BlackElo "1931"]
[Annotator "NA"]
[PlyCount "152"]
[EventDate "2019.07.27"]
[EventType "swiss"]
[EventCountry "GBR"]
[SourceTitle "playchess.com"]
[Source "ChessBase"]
[SourceQuality "1"]
[TimeControl "40/5400+30:1800+30"]

1. e4 g6 2. d4 Bg7 3. c4 d6 4. Nf3 Nf6 5. Nc3 O-O 6. Qc2 Nbd7 7. h3 c6 8. Be3 a6 9. a4 Qa5 10. Rb1 Qc7 11. Bf4 e5 12. dxe5 dxe5 13. Be3 Nh5 14. g3 Re8 15. Qd2 Nf8 16. Nh4 Ne6 17. Be2 Nhf4 18. f3 Nxe2 19. Nxe2 Rd8 20. Qc3 Nd4 21. c5 Qe7 22. Rd1 Qf6 23. f4 Be6 24. Nxd4 exd4 25. Rxd4 Rxd4 26. e5 Rc4 27. exf6 Rxc3 28. bxc3 Bxf6 29. Bd4 Re8 30. Kf2 Kg7 31. Nf3 a5 32. Rb1 Re7 33. Ng5 Bc4 34. Rb2 h6 35. Nf3 Ba6 36. Ne5 Bxe5 37. Bxe5+ f6 38. Bd4 Kf7 39. Rd2 Re4 40. h4 Ke6 41. Kf3 Re1 42. h5 gxh5 43. Rh2 Kf5 44. Rxh5+ Kg6 45. g4 Rf1+ 46. Kg3 Be2 47. Rf5 Ra1 48. Rxf6+ Kh7 49. Rf7+ Kg8 50. Rg7+ Kf8 51. Rxb7 h5 52. gxh5 Bxh5 53. Rc7 Be8 54. Bg7+ Kg8 55. Bd4 Rxa4 56. Re7 Bf7 57. Kh4 Ra1 58. Kg5 a4 59. Ra7 Bb3 60. Kg6 Kf8 61. Bf6 Ke8 62. Re7+ Kf8 63. Rd7 Rg1+ 64. Bg5 Re1 65. Rd8+ Re8 66. Bh6+ Ke7 67. Bg5+ Kf8 68. Rd7 a3 69. Bh6+ Kg8 70. Rg7+ Kh8 71. Rh7+ Kg8 72. f5 a2 73. Rg7+ Kh8 74. Ra7 Rg8+ 75. Kf6 Rg1 76. Ra8+ Kh7 0-1

[Event "106th British-ch Major 2019"]
[Site "Torquay"]
[Date "2019.08.04"]
[Round "9.1"]
[White "Clarke, Brandon Gi"]
[Black "Balaji, Aaravamudhan"]
[Result "1-0"]
[ECO "B06"]
[WhiteElo "2433"]
[BlackElo "2034"]
[Annotator "NA"]
[PlyCount "105"]
[EventDate "2019.07.27"]
[EventType "swiss"]
[EventCountry "GBR"]
[SourceTitle "playchess.com"]
[Source "ChessBase"]
[SourceQuality "1"]
[TimeControl "40/5400+30:1800+30"]

1. d4 g6 2. e4 Bg7 3. Nc3 d5 4. exd5 Nf6 5. Bc4 Nbd7 6. Nf3 Nb6 {[%emt 0:00:35] B06: Modern Defence} 7. Bb3 Nbxd5 (7... O-O 8. O-O a5 9. a4 Nbxd5 10. Nxd5 Nxd5 11. h3 c6 12. Re1 Be6 13. Ng5 Bf5 14. c3 {½-½ (60) Fedorchuk,S (2604)-Chatalbashev,B (2546) Ferreira do Alentejo 2018}) 8. Ne2 a5 9. a3 a4 10. Ba2 O-O 11. O-O b5 12. Re1 $146 ({Predecessor:} 12. Bg5 Ne4 13. Bh4 Bb7 14. Re1 {1-0 (42) Mueller,M (2192)-Hille,R (2181) Germany 2006}) 12... Bb7 13. Nf4 Qd6 14. Nd3 Nd7 15. Bg5 Rfe8 16. c3 c5 17. dxc5 Nxc5 18. Nxc5 Qxc5 19. Bxd5 Bxd5 20. Rxe7 Red8 21. Qe2 h6 22. Bh4 g5 23. Bg3 Bxf3 $14 (23... Bc4 $11 24. Qe3 Qxe3 25. Rxe3 g4) 24. gxf3 Qf5 25. Kg2 h5 26. h3 h4 27. Bh2 Rd3 28. Re1 Bf6 29. Qe4 Qxe4 30. R7xe4 Rad8 31. R1e2 R8d5 32. f4 g4 33. hxg4 h3+ 34. Kf1 Bh4 35. f5 Rf3 36. Rc2 Rfd3 37. Ke2 Bg5 38. f4 Bh4 39. Re3 Rxe3+ 40. Kxe3 Rd1 41. g5 Rd5 42. Kf3 Be1 43. Re2 Rd1 44. f6 Bd2 45. Kg4 Bc1 46. f5 Rd2 47. Re8+ Kh7 48. g6+ fxg6 49. Re7+ Kg8 50. fxg6 Rg2+ 51. Bg3 Bh6 52. Re8+ Bf8 53. Kxh3 1-0

[Event "106th British-ch Major 2019"]
[Site "Torquay"]
[Date "2019.08.04"]
[Round "9.2"]
[White "Taylor, Adam A"]
[Black "Turner, Max N"]
[Result "1/2-1/2"]
[ECO "A11"]
[WhiteElo "2168"]
[BlackElo "2026"]
[Annotator "NA"]
[PlyCount "84"]
[EventDate "2019.07.27"]
[EventType "swiss"]
[EventCountry "GBR"]
[SourceTitle "playchess.com"]
[Source "ChessBase"]
[SourceQuality "1"]
[TimeControl "40/5400+30:1800+30"]

1. Nf3 d5 2. c4 c6 3. g3 Nf6 4. Bg2 Bf5 5. cxd5 cxd5 6. d3 Nc6 7. Bf4 Qb6 8. Qd2 e5 9. Nxe5 Bb4 10. Nc3 d4 11. Nxc6 bxc6 12. O-O dxc3 13. bxc3 Be7 14. Rab1 Qa6 15. e4 Be6 16. Be5 O-O 17. f4 Rfd8 18. d4 Bc4 19. Bxf6 Bxf6 20. Rf2 Rab8 21. Re1 h6 22. e5 Be7 23. f5 Bg5 24. Qd1 Bxa2 25. Bf1 Bc4 26. h4 Be7 27. f6 Bf8 28. e6 fxe6 29. f7+ Kh8 30. Rxe6 Bxf1 31. Qg4 Rd6 32. Rff6 Rxe6 33. Rxe6 g5 34. Qh5 Bd3 35. Rxh6+ Kg7 36. Qxg5+ Kxf7 37. Rf6+ Ke8 38. Qe5+ Be7 39. Qxb8+ Kd7 40. Rf2 Be4 41. Kh2 Bd5 42. Rb2 c5 1/2-1/2

[Event "106th British-ch Major 2019"]
[Site "Torquay"]
[Date "2019.08.04"]
[Round "9.6"]
[White "Payne, Matthew J"]
[Black "Lentzos, Ioannis"]
[Result "1/2-1/2"]
[ECO "B21"]
[WhiteElo "2168"]
[BlackElo "2043"]
[Annotator "NA"]
[PlyCount "38"]
[EventDate "2019.07.27"]
[EventType "swiss"]
[EventCountry "GBR"]
[SourceTitle "playchess.com"]
[Source "ChessBase"]
[SourceQuality "1"]
[TimeControl "40/5400+30:1800+30"]

1. e4 c5 2. Nc3 e6 3. f4 d5 4. Nf3 dxe4 5. Nxe4 Nc6 6. g3 Nh6 7. Bg2 Be7 8. O-O O-O 9. c3 Ng4 10. h3 Nf6 11. Ne5 Nxe5 12. fxe5 Nxe4 13. Bxe4 Qc7 14. d4 f5 15. Bg2 Rd8 16. d5 exd5 17. Bxd5+ Kh8 18. Re1 c4 19. Be3 Qa5 1/2-1/2

[Event "106th British-ch Major 2019"]
[Site "Torquay"]
[Date "2019.08.04"]
[Round "9.7"]
[White "Pollack, Oscar"]
[Black "Akeya-Price, Robert A"]
[Result "1-0"]
[ECO "B15"]
[WhiteElo "2088"]
[BlackElo "1974"]
[Annotator "NA"]
[PlyCount "125"]
[EventDate "2019.07.27"]
[EventType "swiss"]
[EventCountry "GBR"]
[SourceTitle "playchess.com"]
[Source "ChessBase"]
[SourceQuality "1"]
[TimeControl "40/5400+30:1800+30"]

1. e4 c6 2. d4 d5 3. Nc3 dxe4 4. Nxe4 Nf6 5. Nxf6+ exf6 6. c3 Bf5 7. Ne2 Bd6 8. g3 Qe7 9. Bg2 Be4 10. f3 Bd5 11. O-O O-O 12. Bf4 Nd7 13. Bxd6 Qxd6 14. b3 b5 15. Nf4 Rfe8 16. Qd3 Nb6 17. Rae1 Re7 18. Nxd5 Nxd5 19. Re4 f5 20. Rxe7 Qxe7 21. Kf2 Re8 22. f4 Qe6 23. Bxd5 Qxd5 24. c4 bxc4 25. bxc4 Qe4 26. Qxe4 Rxe4 27. Rd1 Kf8 28. Kf3 Ke7 29. g4 g6 30. gxf5 gxf5 31. Rd3 Kd6 32. h4 h5 33. Rd2 f6 34. Rd3 Kd7 35. Ra3 Rxd4 36. Rxa7+ Kd6 37. c5+ Kxc5 38. Ra5+ Kd6 39. Rxf5 Ke6 40. Rxh5 Ra4 41. Rc5 Rxa2 42. Rxc6+ Kf5 43. Rc5+ Kg6 44. h5+ Kh6 45. Kg4 Ra6 46. Rc8 Rb6 47. Rg8 Kh7 48. Rg6 Ra6 49. Kf5 Ra5+ 50. Kxf6 Rxh5 51. f5 Rh1 52. Kf7 Rf1 53. Kf6 Rf2 54. Rg7+ Kh8 55. Re7 Rf1 56. Kg6 Rg1+ 57. Kf7 Ra1 58. f6 Rb1 59. Re2 Rh1 60. Ke8 Rh6 61. f7 Kh7 62. Re7 Kg6 63. f8=Q 1-0

[Event "106th British-ch Major 2019"]
[Site "Torquay"]
[Date "2019.08.04"]
[Round "9.8"]
[White "Hagesaether, Arne"]
[Black "Ashworth, Michael J"]
[Result "0-1"]
[ECO "A26"]
[WhiteElo "2046"]
[BlackElo "1957"]
[Annotator "NA"]
[PlyCount "96"]
[EventDate "2019.07.27"]
[EventType "swiss"]
[EventCountry "GBR"]
[SourceTitle "playchess.com"]
[Source "ChessBase"]
[SourceQuality "1"]
[TimeControl "40/5400+30:1800+30"]

1. c4 g6 2. Nf3 Bg7 3. Nc3 d6 4. g3 e5 5. Bg2 Nc6 6. d3 f5 7. Bg5 Nf6 8. O-O h6 9. Bd2 O-O 10. Rb1 Be6 11. b4 Qe8 12. b5 Ne7 13. Qa4 g5 14. c5 f4 15. cxd6 cxd6 16. Rfc1 Qh5 17. Ne4 Nf5 18. Bb4 g4 19. Nfd2 Nd4 20. Qd1 Nxe4 21. dxe4 f3 22. Bf1 fxe2 23. Bxe2 Rxf2 24. Kxf2 Qxh2+ 25. Ke3 Qxg3+ 26. Bf3 gxf3 27. Qg1 Qf4+ 28. Kd3 Ne2 29. Qe3 Qxe3+ 30. Kxe3 Bxa2 31. Bxd6 Nxc1 32. Rxc1 h5 33. Rg1 f2 34. Kxf2 Rd8 35. Bb4 Rd4 36. Bc3 Rd3 37. Bb4 Be6 38. Ra1 h4 39. Rxa7 Rd7 40. Ra8+ Kh7 41. Nf3 Rf7 42. Kg2 h3+ 43. Kg3 Bh6 44. Re8 Bf4+ 45. Kh4 Bd7 46. Rb8 Rg7 47. Bf8 Bg3+ 48. Kh5 Bg4# 0-1

[Event "106th British-ch Major 2019"]
[Site "Torquay"]
[Date "2019.08.04"]
[Round "9.9"]
[White "Cleary, Mark"]
[Black "Ward, Andy"]
[Result "1/2-1/2"]
[ECO "A96"]
[WhiteElo "2023"]
[BlackElo "1822"]
[Annotator "NA"]
[PlyCount "49"]
[EventDate "2019.07.27"]
[EventType "swiss"]
[EventCountry "GBR"]
[SourceTitle "playchess.com"]
[Source "ChessBase"]
[SourceQuality "1"]
[TimeControl "40/5400+30:1800+30"]

1. d4 e6 2. c4 f5 3. g3 Nf6 4. Bg2 Be7 5. Nf3 O-O 6. O-O d6 7. Nc3 Ne4 8. Nxe4 fxe4 9. Nd2 d5 10. f3 Nc6 11. e3 e5 12. cxd5 Qxd5 13. fxe4 Rxf1+ 14. Qxf1 Qa5 15. d5 Nb4 16. Nc4 Qc5 17. a3 Nc2 18. b4 Qb5 19. Ra2 Qa4 20. Qe2 b5 21. Nxe5 Nxb4 22. axb4 Qxb4 23. Nc6 Qb1 24. Nxe7+ Kf7 25. Qf1+ 1/2-1/2

[Event "106th British-ch Major 2019"]
[Site "Torquay"]
[Date "2019.08.04"]
[Round "9.10"]
[White "Ifalore, Michael"]
[Black "Shaw, Peter"]
[Result "0-1"]
[ECO "A10"]
[WhiteElo "1907"]
[BlackElo "2068"]
[Annotator "NA"]
[PlyCount "68"]
[EventDate "2019.07.27"]
[EventType "swiss"]
[EventCountry "GBR"]
[SourceTitle "playchess.com"]
[Source "ChessBase"]
[SourceQuality "1"]
[TimeControl "40/5400+30:1800+30"]

1. c4 f5 2. g3 Nf6 3. Bg2 e6 4. Nc3 Be7 5. d3 O-O 6. e4 fxe4 7. dxe4 Nc6 8. Nge2 Bc5 9. O-O Ng4 10. Nf4 Nxf2 11. Rxf2 Bxf2+ 12. Kxf2 e5 13. Qd5+ Kh8 14. Kg1 exf4 15. Bxf4 d6 16. Bg5 Qe8 17. Nb5 Rf7 18. Bf4 Be6 19. Qd3 Ne5 20. Qc3 Bxc4 21. Bxe5 Bxb5 22. Bd4 Qe6 23. h4 Qc4 24. h5 Qxc3 25. Bxc3 h6 26. e5 Bc6 27. exd6 Bxg2 28. dxc7 Bc6 29. Be5 Rc8 30. Rd1 Rcxc7 31. Rd8+ Kh7 32. Bxc7 Rxc7 33. Rd2 Rd7 34. Rf2 Rd1+ 0-1

[Event "106th British-ch Major 2019"]
[Site "Torquay"]
[Date "2019.08.04"]
[Round "9.11"]
[White "Sugden, John N"]
[Black "Rogacewicz, Mikolaj"]
[Result "1-0"]
[ECO "C02"]
[WhiteElo "2068"]
[BlackElo "1925"]
[Annotator "NA"]
[PlyCount "75"]
[EventDate "2019.07.27"]
[EventType "swiss"]
[EventCountry "GBR"]
[SourceTitle "playchess.com"]
[Source "ChessBase"]
[SourceQuality "1"]
[TimeControl "40/5400+30:1800+30"]

1. e4 e6 2. d4 d5 3. e5 c5 4. c3 Nc6 5. Nf3 Bd7 6. Be2 Nge7 7. Na3 cxd4 8. cxd4 Nf5 9. Nc2 Rc8 10. O-O Be7 11. Bd2 b5 12. g4 Nh4 13. Nxh4 Bxh4 14. f4 Be7 15. Kh1 Qb6 16. Be3 g6 17. Bd3 Na5 18. Rf2 h5 19. f5 exf5 20. gxf5 gxf5 21. b3 Qg6 22. Rg2 Qb6 23. Qd2 Be6 24. Rf1 Kd7 25. Bg5 Nc6 26. Bxf5 Qa5 27. Bxe6+ fxe6 28. Qxa5 Nxa5 29. Bxe7 Kxe7 30. Rg7+ Kd8 31. Nb4 Rc7 32. Rff7 Rc8 33. Rxa7 Nc6 34. Nxc6+ Rxc6 35. Ra8+ Rc8 36. Rxc8+ Kxc8 37. Ra7 Kb8 38. Ra5 1-0

[Event "106th British-ch Major 2019"]
[Site "Torquay"]
[Date "2019.08.04"]
[Round "9.12"]
[White "Sheerin, Alex"]
[Black "Rice, Chris B"]
[Result "0-1"]
[ECO "D00"]
[WhiteElo "1845"]
[BlackElo "2040"]
[Annotator "NA"]
[PlyCount "38"]
[EventDate "2019.07.27"]
[EventType "swiss"]
[EventCountry "GBR"]
[SourceTitle "playchess.com"]
[Source "ChessBase"]
[SourceQuality "1"]
[TimeControl "40/5400+30:1800+30"]

1. d4 Nf6 2. Nc3 d5 3. Bf4 a6 4. e3 e6 5. Nf3 c5 6. Ne5 b5 7. Qf3 Bb7 8. Be2 Be7 9. Qg3 O-O 10. Bh6 Ne8 11. Bh5 Bh4 12. Qf4 Qf6 13. Ng4 Qf5 14. Qe5 Nd7 15. Bxg7 Nxe5 16. Nh6+ Kxg7 17. Nxf5+ exf5 18. dxe5 Nc7 19. O-O-O Bxf2 0-1

[Event "106th British-ch Major 2019"]
[Site "Torquay"]
[Date "2019.08.04"]
[Round "9.13"]
[White "Warren, Alex M"]
[Black "Modi, Kishan J"]
[Result "1/2-1/2"]
[ECO "E61"]
[WhiteElo "1967"]
[BlackElo "1923"]
[Annotator "NA"]
[PlyCount "26"]
[EventDate "2019.07.27"]
[EventType "swiss"]
[EventCountry "GBR"]
[SourceTitle "playchess.com"]
[Source "ChessBase"]
[SourceQuality "1"]
[TimeControl "40/5400+30:1800+30"]

1. Nf3 Nf6 2. c4 d6 3. d4 Nbd7 4. Nc3 e5 5. e4 g6 6. d5 Bg7 7. Bg5 h6 8. Bh4 g5 9. Bg3 Nh5 10. Nd2 Nf4 11. b4 Nf8 12. c5 N8g6 13. Rc1 a6 1/2-1/2

[Event "106th British-ch Major 2019"]
[Site "Torquay"]
[Date "2019.08.04"]
[Round "9.14"]
[White "Chapman, Matt"]
[Black "Nayak, Raghav"]
[Result "1/2-1/2"]
[ECO "C44"]
[WhiteElo "1957"]
[BlackElo "1906"]
[Annotator "NA"]
[PlyCount "162"]
[EventDate "2019.07.27"]
[EventType "swiss"]
[EventCountry "GBR"]
[SourceTitle "playchess.com"]
[Source "ChessBase"]
[SourceQuality "1"]
[TimeControl "40/5400+30:1800+30"]

1. e4 e5 2. Nf3 Nc6 3. d4 exd4 4. Bc4 Bc5 5. c3 d3 6. O-O d6 7. b4 Bb6 8. Qxd3 Nf6 9. a4 a6 10. a5 Ba7 11. Bg5 O-O 12. Nbd2 h6 13. Bh4 g5 14. Bg3 Nh5 15. Ba2 Nxg3 16. hxg3 Qf6 17. Rae1 Be6 18. Bb1 Ne5 19. Qc2 Nxf3+ 20. gxf3 Bh3 21. e5 Qg6 22. Qc1 Qg7 23. exd6 cxd6 24. Re7 Bxf1 25. Kxf1 d5 26. Rxb7 Qe5 27. Qc2 f5 28. Qd3 Rf6 29. f4 Qd6 30. Ba2 gxf4 31. gxf4 Kh8 32. Qxd5 Rd8 33. Qxd6 Rfxd6 34. Nf3 R8d7 35. Rxd7 Rxd7 36. Ne5 Rd2 37. Bc4 Rxf2+ 38. Ke1 Rc2 39. Bxa6 Rxc3 40. b5 Ra3 41. Nc4 Ra4 42. b6 Bxb6 43. Nxb6 Rxa5 44. Bd3 h5 45. Kf2 Kg7 46. Nd7 Rd5 47. Ne5 Kf6 48. Kg3 Rd4 49. Kf3 h4 50. Ke3 Rd5 51. Nf3 h3 52. Bf1 h2 53. Nxh2 Ra5 54. Bd3 Rc5 55. Nf3 Ra5 56. Nd4 Rc5 57. Kd2 Ra5 58. Kc3 Ra1 59. Nc2 Ra5 60. Ne3 Ra1 61. Kd4 Ra4+ 62. Bc4 Ra1 63. Kc5 Re1 64. Nd5+ Kg6 65. Bd3 Rd1 66. Kd4 Ra1 67. Ne7+ Kf6 68. Nxf5 Rd1 69. Ne3 Ra1 70. Ng4+ Kf7 71. f5 Rg1 72. Ne3 Ra1 73. Nd5 Rd1 74. Ke3 Ra1 75. Kf4 Ra4+ 76. Ke5 Ra1 77. f6 Re1+ 78. Be4 Rf1 79. Nf4 Rxf4 80. Bd5+ Kg6 81. Kxf4 Kxf6 1/2-1/2

[Event "106th British-ch Major 2019"]
[Site "Torquay"]
[Date "2019.08.04"]
[Round "9.15"]
[White "Cocks, Elliot"]
[Black "Gardiner, Eric D"]
[Result "0-1"]
[ECO "C03"]
[WhiteElo "1907"]
[BlackElo "1957"]
[Annotator "NA"]
[PlyCount "103"]
[EventDate "2019.07.27"]
[EventType "swiss"]
[EventCountry "GBR"]
[SourceTitle "playchess.com"]
[Source "ChessBase"]
[SourceQuality "1"]
[TimeControl "40/5400+30:1800+30"]

1. e4 e6 2. d4 d5 3. Nd2 Be7 4. Bd3 c5 5. dxc5 Nf6 6. exd5 exd5 7. Ngf3 O-O 8. Nb3 Nbd7 9. O-O Nxc5 10. Nxc5 Bxc5 11. Bg5 Qb6 12. Rb1 Ne4 13. Bh4 Bf5 14. Nd2 Qh6 15. Nb3 Bb6 16. Bg3 Qg6 17. Nc1 Rfe8 18. Ne2 Nxg3 19. Nxg3 Bxd3 20. Qxd3 Qxd3 21. cxd3 g6 22. Rbc1 Rac8 23. Rfd1 Bd4 24. b3 Bb2 25. Rxc8 Rxc8 26. Nf1 Bd4 27. g3 Kg7 28. Kg2 Kf6 29. Kf3 h5 30. Rd2 Rc1 31. Ne3 Bxe3 32. Kxe3 Ke6 33. Kd4 Rf1 34. f4 Rh1 35. Re2+ Kd6 36. Re5 Rxh2 37. Rxd5+ Ke6 38. Re5+ Kf6 39. a4 Rg2 40. Re3 Kf5 41. Kc3 Kg4 42. d4 Rxg3 43. Rxg3+ Kxg3 44. d5 h4 45. d6 h3 46. d7 h2 47. d8=Q h1=Q 48. Qg5+ Kh2 49. Qh4+ Kg1 50. Qe1+ Kg2 51. Qe3 Qh3 52. Kd4 0-1

[Event "106th British-ch Major 2019"]
[Site "Torquay"]
[Date "2019.08.04"]
[Round "9.16"]
[White "Young, Daniel J"]
[Black "Rathbone-Jones, Ifan"]
[Result "1-0"]
[ECO "C18"]
[WhiteElo "1971"]
[BlackElo "1855"]
[Annotator "NA"]
[PlyCount "65"]
[EventDate "2019.07.27"]
[EventType "swiss"]
[EventCountry "GBR"]
[SourceTitle "playchess.com"]
[Source "ChessBase"]
[SourceQuality "1"]
[TimeControl "40/5400+30:1800+30"]

1. e4 e6 2. d4 d5 3. Nc3 Bb4 4. e5 c5 5. a3 Bxc3+ 6. bxc3 c4 7. Qg4 Qa5 8. Bd2 g6 9. Nf3 Nd7 10. Be2 Nh6 11. Qf4 Nf5 12. g4 Ne7 13. Ng5 O-O 14. h4 f6 15. Nxe6 fxe5 16. Qh6 Rf7 17. h5 Qb6 18. hxg6 Nxg6 19. Ng5 Re7 20. Nxh7 exd4 21. cxd4 Qe6 22. Be3 Rg7 23. Bf3 Nb6 24. g5 Qf5 25. Nf6+ Kf7 26. Ne8 Qxc2 27. Qxg7+ Kxe8 28. Qg8+ Kd7 29. Qg7+ Ne7 30. Rc1 Qf5 31. Rh7 Qxf3 32. Qxe7+ Kc6 33. Qc5# 1-0